 Dungeon Crawl Stone Soup version 0.29-a0-360-g8ed1089bbe (webtiles) character file.

Game seed: 605612873088830868

308 Sweeb the Shield-Bearer (level 6, 0/48 HPs)
             Began as a Formicid Fighter on Apr 29, 2022.
             Slain by a river rat (8 damage)
             ... on level 3 of the Dungeon.
             The game lasted 00:03:49 (3063 turns).

Sweeb the Shield-Bearer (Formicid Fighter)          Turns: 3063, Time: 00:03:49

Health: 0/48       AC:  7    Str: 23    XL:     6   Next: 68%
Magic:  6/6        EV: 10    Int:  7    God:
Gold:   132        SH:  6    Dex: 10    Spells: 5/5 levels left

rFire   + . .      SeeInvis +   a - +0 war axe
rCold   . . .      Faith    .   c - +1 buckler
rNeg    . . .      Spirit   .   b - +0 scale mail
rPois   .          Reflect  .   (helmet unavailable)
rElec   .          Harm     .   (no cloak)
rCorr   +          Rampage  .   (no gloves)
Will    .....                   (no boots)
Stlth   ..........              (no amulet)
HPRegen 0.16/turn               m - ring of resist corrosion
MPRegen 0.10/turn               f - ring of protection from fire

@: no status effects
A: permanent stasis, dig shafts and tunnels, antennae 3, four strong arms
a: Dig, Shaft Self


You were on level 3 of the Dungeon.
You visited 1 branch of the dungeon, and saw 3 of its levels.

You collected 132 gold pieces.

Inventory:

Hand Weapons
 a - a +0 war axe (weapon)
Armour
 b - a +0 scale mail (worn)
 c - a +1 buckler (worn)
Jewellery
 f - a ring of protection from fire (right hand)
 m - a ring of resist corrosion (left hand)
Scrolls
 h - a scroll of blinking {unknown}
 i - a scroll of fear
 k - a scroll of enchant weapon {unknown}
Potions
 d - 2 potions of might
 e - 2 potions of flight
 g - a potion of berserk rage
 j - a potion of attraction {unknown}
 l - a potion of invisibility {unknown}
 n - a potion of magic {unknown}


   Skills:
 + Level 3.8 Fighting
 * Level 4.7 Axes
 + Level 4.2 Armour
 + Level 1.1 Dodging
 + Level 0.3 Stealth
 * Level 4.9 Shields


You had 5 spell levels left.
You didn't know any spells.
Your spell library was empty.

Dungeon Overview and Level Annotations

Branches:
Dungeon (3/15)

Altars:


Innate Abilities, Weirdness & Mutations

You cannot be hasted, slowed, berserked, paralysed or teleported.
You can dig through walls and to a lower floor.
You have a pair of large antennae on your head. (SInv)
Your four strong arms can wield two-handed weapons with a shield.


Message History

You hit the river rat. The river rat misses you. The river rat bites you.
You hit the river rat.
The river rat is almost dead.
You closely miss the river rat. The river rat closely misses you.
The river rat barely misses you. You block the river rat's attack.
The river rat barely misses you.
You closely miss the river rat.
The river rat is heavily wounded.
You hit the river rat.
You kill the river rat!
The river rat closely misses you. You block the ball python's attack.
The ball python grabs you. The ball python constricts you.
You escape the ball python's grasp.
You barely miss the river rat.
The river rat is heavily wounded.
The river rat bites you but does no damage.
You slash the river rat!
You kill the river rat!
The ball python barely misses you. The ball python grabs you.
The ball python constricts you.
You slash the ball python!
You kill the ball python!
The river rat bites you.
You closely miss the river rat. You block the river rat's attack.
You closely miss the river rat. The river rat closely misses you.
You hit the river rat but do no damage. The river rat bites you.
The river rat closely misses you.
You closely miss the river rat. The river rat bites you.
* * * LOW HITPOINT WARNING * * *
You slash the river rat!
The river rat is severely wounded.
You block the river rat's attack.
You barely miss the river rat.
The river rat is severely wounded.
The river rat bites you.
* * * LOW HITPOINT WARNING * * *
You barely miss the river rat.
The river rat is severely wounded.
The river rat barely misses you. The river rat bites you!
You die...

#..≈≈≈+ #...≈≈####
#....≈≈≈≈≈
#.....≈≈..
#.†......≈
##.........
#rr######## #r##
#########@#
########.........#
#........###.#######
#..................#
#.......###.######.#
#.......###.######.#
'.......'......>##.#
#.......##########.#
#.......##########.#


You could see 2 river rats and a rat.

Vanquished Creatures
  A water moccasin (D:3)
  Terence (D:2)
  Robin (D:2)
  4 gnolls (D:2)
  5 adders
  2 river rats (D:3)
  2 orcs (D:3)
  4 ball pythons
  6 bats
  6 endoplasms
  2 giant cockroaches
  15 goblins
  8 hobgoblins
  3 quokkas
  4 frilled lizards
  2 kobolds (D:2)
  5 rats
71 creatures vanquished.

Notes
Turn   | Place    | Note
-------+----------+-------------------------------------------
     0 | D:1      | Sweeb the Formicid Fighter began the quest for the Orb.
     0 | D:1      | Reached XP level 1. HP: 18/18 MP: 1/1
   142 | D:1      | Reached XP level 2. HP: 18/24 MP: 2/2
   618 | D:1      | Reached XP level 3. HP: 24/29 MP: 3/3
   893 | D:2      | Reached XP level 4. HP: 17/35 MP: 4/4
  1358 | D:2      | Reached XP level 5. HP: 38/41 MP: 5/5
  1362 | D:2      | Noticed Robin
  1368 | D:2      | Killed Robin
  1530 | D:2      | Noticed Terence
  1547 | D:2      | Killed Terence
  2738 | D:3      | Noticed a water moccasin
  2749 | D:3      | Killed a water moccasin
  2750 | D:3      | Reached skill level 1 in Dodging
  2750 | D:3      | Reached XP level 6. HP: 9/48 MP: 6/6
  3063 | D:3      | Slain by a river rat

Illustrated notes

Levels and vault maps discovered:
D:1:      dpeg_arrival_tiny_d, layout_basic
D:2:      layout_rooms, uniq_robin, uniq_terence
D:3:      layout_basic, portal_sewer_entry_e

Skill      XL: |  1  2  3  4  5 |
---------------+----------------+-----
Shields        | 4 |  4.9
Axes           | 3 4 |  4.7
Armour         | 4 |  4.2
Dodging        | 1 |  1.1
Fighting       | |  3.8
Stealth        | |  0.3

Action                   |  1- 3 |  4- 6 || total
-------------------------+-------+-------++-------
Melee: War axe           |    59 |   137 ||   196
  Use: Scroll            |     1 |     7 ||     8
       Potion            |     1 |     3 ||     4
Armor: Scale mail        |    26 |    67 ||    93
Dodge: Dodged            |    24 |    68 ||    92
Block: Buckler           |    18 |    44 ||    62

Table legend: (Time is in decaauts)
 A = Elapsed time spent in this place.
 B = Non-inter-level travel time spent in this place.
 C = Inter-level travel time spent in this place.
 D = Time resting spent in this place.
 E = Time spent auto-exploring this place.
 F = Levels seen in this place.
 G = Mean time per level.
                   A        B        C        D        E       F      G
               +--------+--------+--------+--------+--------+-----+--------+
         Total |   3134 |   3077 |     57 |    598 |   1947 |   3 | 1044.7 |
       Dungeon |   3134 |   3077 |     57 |    598 |   1947 |   3 | 1044.7 |
               +--------+--------+--------+--------+--------+-----+--------+

Top non-repeatable levels by time:
     D:2: 1478 daAuts
     D:3: 871 daAuts
     D:1: 783 daAuts
